 Dungeon Crawl Stone Soup version 0.30-a0-723-gc1506a1cf0 (webtiles) character file.

Game seed: 18264724547454768606

565 Crownlay the Digger (level 7, -12/41 HPs)
             Began as an Octopode Earth Elementalist on Jan 28, 2023.
             Mangled by a gnoll bouda
             ... wielding a +0 whip
              (15 damage)
             ... on level 5 of the Dungeon.
             The game lasted 00:06:15 (4784 turns).

Crownlay the Digger (Octopode Earth Elementalist)   Turns: 4784, Time: 00:06:16

Health: -12/41     AC:  1    Str:  8    XL:     7   Next: 32%
Magic:  5/10       EV: 13    Int: 19    God:
Gold:   210        SH:  0    Dex: 12    Spells: 6/10 levels left

rFire   . . .      SeeInvis +    m - +2 short sword (elec)
rCold   . . .      Faith    .    (no shield)
rNeg    . . .      Spirit   .    (helmet restricted)
rPois   .          Reflect  .    q - amulet of the acrobat
rElec   .          Harm     .    b - ring of see invisible
rCorr   .          Rampage  .    (no ring)
Will    .....                    (no ring)
Stlth   ++++                     (no ring)
HPRegen 0.26/turn                (no ring)
MPRegen 0.12/turn                (no ring)
                                 (no ring)
                                 (no ring)

@: weakened
A: almost no armour, amphibious, 8 rings, camouflage 1, gelatinous body 1,
(nimble swimmer 1), tentacles
a: no special abilities


You were on level 5 of the Dungeon.
You visited 1 branch of the dungeon, and saw 5 of its levels.

You collected 210 gold pieces.

Inventory:

Hand Weapons
 m - a +2 short sword of electrocution (weapon)
Jewellery
 b - a ring of see invisible (left tentacle)
 k - a ring of ice
 q - an amulet of the acrobat (around mantle)
Wands
 l - a wand of quicksilver (8)
 n - a wand of flame (26)
 o - a wand of paralysis (11)
Scrolls
 c - 2 scrolls of vulnerability
 d - 2 scrolls of fear
 e - 3 scrolls of blinking
 g - a scroll of teleportation
 j - a scroll of poison {unknown}
 p - a scroll of enchant weapon {unknown}
 t - 2 scrolls of immolation {unknown}
 u - a scroll of amnesia {unknown}
 v - a scroll of enchant armour {unknown}
Potions
 a - a potion of magic
 f - a potion of mutation {unknown}
 h - 3 potions of haste
 i - a potion of brilliance {unknown}
 r - a potion of berserk rage {unknown}
 s - a potion of lignification {unknown}


   Skills:
 - Level 2.0 Dodging
 + Level 6.1 Stealth
 + Level 2.4 Spellcasting
 - Level 3.0 Transmutations
 * Level 6.3 Earth Magic


You had 6 spell levels left.
You knew the following spells:

 Your Spells              Type           Power      Damage    Failure   Level
a - Sandblast             Erth           52%        2d12      1%          1
b - Stone Arrow           Conj/Erth      28%        3d8       13%         3

Your spell library contained the following spells:

 Spells                   Type           Power      Damage    Failure   Level
 Passwall                 Tmut/Erth      16%        N/A       3%          2
 Necrotise                Necr           8%         1d4       16%         1
 Slow                     Hex            8%         N/A       16%         1
 Petrify                  Tmut/Erth      20%        N/A       24%         4
 Confusing Touch          Hex            2%         N/A       43%         3
 Vampiric Draining        Necr           2%         2d6       43%         3
 Agony                    Necr           2%         N/A       99%         5


Dungeon Overview and Level Annotations

Branches:
Dungeon (5/15)
 Temple: D:4-7

Altars:


Innate Abilities, Weirdness & Mutations

You cannot wear most types of armour.
You are amphibious.
You can wear up to eight rings at the same time.
Your skin changes colour to match your surroundings (Stealth+).
Your rubbery body absorbs attacks. (AC +1, EV +1)
((You are camouflaged when in or above water. (Stealth+)))
You have tentacles for arms and can constrict up to eight enemies at once.


Message History

The blast of sand hits the jelly!
You kill the jelly!
The gnoll bouda gazes fiercely through you!
You feel your attacks grow feeble.
A gnoll bouda comes into view. It is wielding a +0 whip.
The blast of sand hits the gnoll bouda but does no damage.
The gnoll bouda barks out a call to the hunt!
The gnoll bouda picks up the pace!
The gnoll hits you from afar with a +0 spear.
The gnoll bouda completely misses you.
You hear a shout!
The blast of sand hits the gnoll bouda!
The gnoll bouda is heavily wounded.
The gnoll hits you from afar with a +0 spear!
The gnoll bouda barely misses you.
The blast of sand hits the gnoll bouda but does no damage.
The gnoll bouda is heavily wounded.
The gnoll hits you from afar with a +0 spear.
The gnoll bouda misses you.
A gnoll comes into view. It is wielding a +0 flail.
The gnoll misses you. The gnoll bouda completely misses you.
The blast of sand hits the gnoll bouda.
The gnoll bouda is severely wounded.
The gnoll shouts!
Your attacks no longer feel as feeble.
The gnoll bouda gazes fiercely through you!
You feel your attacks grow feeble.
The gnoll hits you from afar with a +0 spear!
The gnoll bouda gazes fiercely through you!
You feel as though you will be weak longer.
The gnoll bouda hits you with a +0 club!
* * * LOW HITPOINT WARNING * * *
The gnoll bouda calls upon its god to heal the gnoll bouda.
The gnoll bouda is healed somewhat.
You are too injured to fight recklessly!
The gnoll hits you from afar with a +0 spear!
* * * LOW HITPOINT WARNING * * *
The gnoll bouda closely misses you.
The gnoll bouda hits you with a +0 whip!
You die...

.....#.... ......PP.....#
.......#.##.............†
.......#.#..........P....
...........##.Pg. ....##.
.............g...gP ##
.....#.....g......
.......!..g..h...g
.....##.÷g......P. ####
#(@g>g....## #.........#
#.........# #.........#
##########


You could see 2 gnoll boudas, a hound and 5 gnolls.

Vanquished Creatures
  Sigmund (D:2)
  A necrophage (D:5)
  A jelly (D:5)
  Natasha (thrice) (D:2)
  An iguana (D:4)
  Robin (D:2)
  4 adders
  9 gnolls
  An adder zombie (D:2)
  A worm (D:3)
  4 dart slugs
  An orc (D:3)
  3 ball pythons
  A bat zombie (D:2)
  7 endoplasms
  2 giant cockroaches (D:2)
  10 goblins
  7 hobgoblins
  3 jackals (D:1)
  5 kobolds
  3 quokkas
  A ball python skeleton (D:2)
  A bat (D:1)
  2 frilled lizards (D:3)
  A jackal skeleton (D:2)
  A jackal zombie (D:2)
  A quokka zombie (D:2)
  5 rats
81 creatures vanquished.

Vanquished Creatures (others)
  23 plants (D:5)
  A withered plant (D:2)
24 creatures vanquished.

Grand Total: 105 creatures vanquished

Notes
Turn   | Place    | Note
-------+----------+-------------------------------------------
     0 | D:1      | Crownlay the Octopode Earth Elementalist began the quest
                  | for the Orb.
     0 | D:1      | Reached XP level 1. HP: 11/11 MP: 3/3
   519 | D:1      | Reached XP level 2. HP: 17/17 MP: 3/5
  1133 | D:2      | Reached XP level 3. HP: 21/21 MP: 3/6
  1299 | D:2      | Noticed Natasha
  1308 | D:2      | Killed Natasha
  1389 | D:2      | Found a faded altar of an unknown god.
  1442 | D:2      | Reached XP level 4. HP: 27/27 MP: 5/7
  1750 | D:2      | Noticed Natasha
  1756 | D:2      | Killed Natasha
  1778 | D:2      | Noticed Natasha
  1782 | D:2      | Killed Natasha
  1850 | D:2      | Noticed Sigmund
  1853 | D:2      | Killed Sigmund
  1854 | D:2      | Reached skill level 5 in Stealth
  1854 | D:2      | Reached skill level 5 in Earth Magic
  1854 | D:2      | Reached XP level 5. HP: 15/31 MP: 4/8
  1854 | D:2      | Reached XP level 6. HP: 18/36 MP: 4/9
  2071 | D:2      | Identified the +0 helmet of Surprise {Drain Regen+ rCorr
                  | Stlth+}
  2071 | D:2      | Noticed Robin
  2440 | D:2      | Killed Robin
  2579 | D:3      | Learned a level 3 spell: Stone Arrow
  4547 | D:5      | Entered Level 5 of the Dungeon
  4550 | D:5      | Reached XP level 7. HP: 41/41 MP: 7/10
  4784 | D:5      | Mangled by a gnoll bouda

Illustrated notes

Levels and vault maps discovered:
D:1:      saegor_arrival_simple_c, layout_basic, chequers_serial_rivers_micro_e,
          minivault_27
D:2:      layout_loops_ring, serial_undead, serial_undead_f, serial_undead_e,
          serial_undead_d, serial_undead_c, serial_undead_b,
          basic_ecumenical_altar, uniq_sigmund, uniq_robin, uniq_natasha
D:3:      layout_basic
D:4:      layout_loops_corners
D:5:      layout_rooms, bloody_makhleb, minmay_temple_entry_gardened_gates,
          nicolae_grassy_gnolls, uniq_edmund

Skill      XL: |  1  2  3  4  5  6  7 |
---------------+----------------------+-----
Stealth        | 3 5 6 |  6.1
Earth Magic    | 4 5 6 |  6.3
Transmutations | 3 |  3.0
Dodging        | |  2.0
Spellcasting   | |  2.4

Action                     |  1- 3 |  4- 6 |  7- 9 || total
---------------------------+-------+-------+-------++-------
  Melee: Dagger            |    12 |     5 |       ||    17
         Tentacles         |     6 |     2 |       ||     8
         Constrict         |     5 |     1 |       ||     6
   Cast: Sandblast         |    37 |    74 |    15 ||   126
    Use: Scroll            |       |     6 |       ||     6
 Armour: Skin              |     1 |     1 |       ||     2
  Dodge: Dodged            |    40 |    15 |    10 ||    65

Table legend: (Time is in decaauts)
 A = Elapsed time spent in this place.
 B = Non-inter-level travel time spent in this place.
 C = Inter-level travel time spent in this place.
 D = Time resting spent in this place.
 E = Time spent auto-exploring this place.
 F = Levels seen in this place.
 G = Mean time per level.
                   A        B        C        D        E       F      G
               +--------+--------+--------+--------+--------+-----+--------+
         Total |   4853 |   4550 |    303 |     15 |   3800 |   5 |  970.6 |
       Dungeon |   4853 |   4550 |    303 |     15 |   3800 |   5 |  970.6 |
               +--------+--------+--------+--------+--------+-----+--------+

Top non-repeatable levels by time:
     D:2: 1329 daAuts
     D:1: 1217 daAuts
     D:4: 1149 daAuts
     D:3: 1043 daAuts
     D:5: 114 daAuts
